Map: Simulacrum LE

Players

stfeyes - Winner!

  • Race: Terran Terran
  • League: Master
  • Spawn Location: 11:00

FrameSticker

  • Race: Protoss Protoss
  • League: Diamond
  • Spawn Location: 5:00

VOD

Have the link to the VOD?

Description

Time

  • Played on: March 30, 2020, 9:46 a.m.
  • Length: 3:29
Show
View Real Time Build Order
Export as new Build Order

stfeyes Terran - Winner!

Build Orders:  

Get SALT Encoding   

  12  0:07  SCV  
  13  0:19  SCV  
  13  0:21  Supply Depot  
  14  0:31  SCV  
  15  0:43  Barracks  
  15  0:50  Barracks  
  15  0:56  Refinery  
  15  1:00  SCV  
  16  1:12  SCV  
  17  1:24  SCV  
  18  1:33  Barracks Tech Lab  
  18  1:34  Barracks  
  18  1:39  Marine  
  19  1:45  Orbital Command  
  19  1:53  Supply Depot  
  21  2:01  Marauder  
  21  2:04  Concussive Shells  
  21  2:11  Marine  
  22  2:22  Barracks Tech Lab  
  22  2:27  Marauder, Supply Depot  
  24  2:30  Marine  
  25  2:41  Marauder  
  27  2:48  Marauder  
  27  2:50  Supply Depot  
  29  2:56  Marine  
  30  3:02  Marauder  
Show
View Real Time Build Order
Export as new Build Order

FrameSticker Protoss 

Build Orders: 1 Gate Expand 

Get SALT Encoding   

  12  0:01  Probe  
  13  0:13  Probe  
  14  0:18  Pylon  
  14  0:25  Probe (Chrono Boost)  
  15  0:37  Probe (Chrono Boost)  
  15  0:40  Gateway  
  16  0:46  Probe (Chrono Boost)  
  17  0:52  Probe, Assimilator  
  18  1:04  Probe (Chrono Boost)  
  19  1:16  Probe (Chrono Boost)  
  20  1:22  Probe (Chrono Boost)  
  21  1:31  Nexus  
  21  1:42  Cybernetics Core  
  21  1:48  Assimilator  
  21  1:50  Probe  
  22  1:57  Pylon  
  22  2:02  Probe  
  23  2:15  Probe  
  23  2:19  Adept  
  26  2:26  Robotics Facility  
  26  2:28  Probe (Chrono Boost)  
  28  2:37  Probe (Chrono Boost)  
  28  2:44  Probe (Chrono Boost)  
  28  2:46  Probe (Chrono Boost)  
  28  2:49  Stalker  
  32  2:54  Probe (Chrono Boost)  
  32  2:56  Probe (Chrono Boost)  
  34  3:00  Twilight Council, Probe (Chrono Boost)  
  35  3:09  Probe (Chrono Boost)  
  35  3:12  Probe (Chrono Boost)  
  39  3:21  Probe (Chrono Boost)  
Tags
 
Add a new tag
Caveats
  • Supply blocks, unpowered buildings, or Contaminate may cause inaccurate times.
  • Supply counts are checked every 10 seconds.